 Dungeon Crawl Stone Soup version 0.21.1-1-g345015fe64 (webtiles) character file.

1771 Lothor the Slinger (level 9, 0/59 HPs)
             Began as a Halfling Hunter on Mar 20, 2018.
             Was an Initiate of Dithmenos.
             Slain by Lothor's ghost (4 damage)
             ... on level 6 of the Dungeon.
             The game lasted 00:23:41 (5479 turns).

Lothor the Slinger (Halfling Hunter)                Turns: 5479, Time: 00:23:42

Health: 0/59       AC:  6    Str: 16    XL:     9   Next: 28%
Magic:  9/9        EV: 14    Int: 12    God:    Dithmenos [......]
Gold:   343        SH:  0    Dex: 15    Spells: 8/8 levels left

rFire    . . .     SeeInvis .   a - +1 hunting sling
rCold    . . .     Gourm    .   (shield restricted)
rNeg     + . .     Faith    .   j - +0 ring mail
rPois    .         Spirit   .   z - +0 helmet
rElec    .         Reflect  .   (no cloak)
rCorr    .         Harm     .   (no gloves)
MR       .....                  (no boots)
Stlth    +.........             (no amulet)
HPRegen  0.19/turn              u - ring of positive energy
MPRegen  0.11/turn              v - +3 ring of intelligence

@: no status effects
A: small, mutation resistance 1
a: Renounce Religion


You were on level 6 of the Dungeon.
You worshipped Dithmenos.
Dithmenos was noncommittal.
You were not hungry.

You visited 2 branches of the dungeon, and saw 7 of its levels.

You collected 343 gold pieces.

Inventory:

Hand Weapons
 a - a +1 hunting sling (weapon)
 E - a cursed -1 short sword
 G - a +0 short sword of venom
Missiles
 e - 153 stones (quivered)
 o - 69 arrows
Armour
 h - a +1 pair of gloves of dexterity
 j - a +0 ring mail (worn)
 y - a +0 chain mail of fire resistance
 z - a +0 helmet (worn)
 J - a +0 plate armour of poison resistance
Jewellery
 u - a ring of positive energy (left hand)
 v - a +3 ring of intelligence (right hand)
Wands
 H - a wand of iceblast (10)
 I - a wand of clouds (4)
Scrolls
 b - a scroll of identify
 c - a scroll of immolation {unknown}
 l - 2 scrolls of random uselessness {unknown}
 n - a scroll of remove curse {unknown}
 p - a scroll of enchant armour {unknown}
 r - 3 scrolls of amnesia {unknown}
 w - 2 scrolls of teleportation {unknown}
 A - 2 scrolls of blinking {unknown}
 B - a scroll of fear {unknown}
Potions
 g - 3 potions of lignification {unknown}
 i - 3 potions of mutation
 k - a potion of might {unknown}
 m - 3 potions of haste {unknown}
 q - a potion of brilliance {unknown}
 s - a potion of flight {unknown}
 t - 3 potions of agility {unknown}
 x - 2 potions of heal wounds {unknown}
 C - 2 potions of curing
 F - 2 potions of magic {unknown}
Comestibles
 f - 12 rations
 D - a chunk of flesh


   Skills:
 + Level 4.4 Fighting
 - Level 14.1 Slings
 + Level 3.1 Armour
 + Level 2.8 Dodging
 + Level 2.0 Stealth


You had 8 spell levels left.
You didn't know any spells.

Dungeon Overview and Level Annotations

Branches:
Dungeon (6/15)             Temple (1/1) D:6

Altars:
Ashenzari
Cheibriados
Dithmenos
Elyvilon
Fedhas
Gozag
Hepliaklqana
Makhleb
Qazlal
Ru
Trog
Uskayaw
Wu Jian
Xom
Yredelemnul
The Shining One

Shops:
D:4 (

Annotations:
D:6 Lothor's ghost, novice DrBe


Innate Abilities, Weirdness & Mutations

You are small and have problems with some larger weapons.
You are somewhat resistant to further mutation.


Message History

Really attack while wielding your +1 hunting sling?
Okay, then.
Firing (i - inventory):
e - 156 stones (quivered)
Press: ? - help, Shift-Dir - straight line, f/p - Lothor's ghost
Aim: Lothor's ghost (severely damaged)
You shoot a stone. The stone barely misses Lothor's ghost.
Firing (i - inventory):
e - 155 stones (quivered)
Press: ? - help, Shift-Dir - straight line, f/p - Lothor's ghost
Aim: Lothor's ghost (severely damaged)
You shoot a stone. The stone hits Lothor's ghost!
Lothor's ghost is severely damaged.
Lothor's ghost hits you!
* * * LOW HITPOINT WARNING * * *
Firing (i - inventory):
e - 154 stones (quivered)
Press: ? - help, Shift-Dir - straight line, f/p - Lothor's ghost
Aim: Lothor's ghost (severely damaged)
You shoot a stone. The stone hits Lothor's ghost.
Lothor's ghost is almost destroyed.
Lothor's ghost hits you.
You die...

####.#.......#.......'.......#
.....'.......+..>.....######.#
.###.#.......#.#....8>8#######.
+# #+####........###.).........
#####..#.###.##########
##..#.....# ....#..####
####.#..# #...)@.# #.#..W##
#...# ###)..# ########.....#
#........###.#####.#
#...)....'..(#.....#
#........##.(#.######
#........##.(........#


You could see Lothor's ghost.

Vanquished Creatures
  A two-headed ogre (D:5)
  Edmund (D:6)
  An ice beast (D:5)
  A necrophage (D:6)
  An ogre (D:4)
  2 bullfrogs (D:6)
  A howler monkey (D:4)
  2 centaur zombies
  2 centaur skeletons (D:4)
  2 bullfrog skeletons (D:5)
  2 hounds
  4 orc wizards (D:6)
  2 iguanas
  A worker ant (D:6)
  3 gnolls (D:4)
  A howler monkey skeleton (D:4)
  2 adders
  2 shadow imps
  An ooze (D:1)
  An adder skeleton (D:3)
  A worm (D:5)
  3 dart slugs
  3 leopard geckos
  12 orcs
  3 ball pythons
  4 giant cockroaches
  9 hobgoblins
  7 jackals (D:1)
  7 kobolds
  6 bats
  4 frilled lizards
  5 goblins
  2 jackal zombies
  4 leopard gecko skeletons
  6 rats
109 creatures vanquished.

Notes
Turn   | Place    | Note
-------+----------+-------------------------------------------
     0 | D:1      | Lothor the Halfling Hunter began the quest for the Orb.
     0 | D:1      | Reached XP level 1. HP: 14/14 MP: 1/1
    14 | D:1      | Reached skill level 6 in Slings
    44 | D:1      | Reached XP level 2. HP: 19/19 MP: 2/2
   384 | D:1      | Reached skill level 7 in Slings
   384 | D:1      | Reached XP level 3. HP: 24/24 MP: 3/3
  1032 | D:2      | Reached XP level 4. HP: 29/29 MP: 4/4
  1125 | D:2      | Reached skill level 8 in Slings
  1832 | D:3      | Reached XP level 5. HP: 34/34 MP: 5/5
  2609 | D:4      | Reached skill level 9 in Slings
  2758 | D:4      | Found Ejo Sior's Weapon Shop.
  2846 | D:4      | Reached XP level 6. HP: 39/39 MP: 6/6
  2861 | D:4      | Found a glowing golden altar of the Shining One.
  2963 | D:4      | Noticed an ogre
  2972 | D:4      | Killed an ogre
  2972 | D:4      | Reached skill level 10 in Slings
  3308 | D:4      | Reached skill level 11 in Slings
  3308 | D:4      | Reached XP level 7. HP: 40/44 MP: 7/7
  3471 | D:5      | Entered Level 5 of the Dungeon
  3572 | D:5      | Noticed a two-headed ogre
  4152 | D:5      | Killed a two-headed ogre
  4152 | D:5      | Reached skill level 14 in Slings
  4152 | D:5      | Reached XP level 8. HP: 37/49 MP: 8/8
  4792 | D:6      | Reached skill level 1 in Armour
  4958 | D:6      | Reached XP level 9. HP: 52/57 MP: 9/9
  5093 | D:6      | Noticed Edmund
  5115 | D:6      | Killed Edmund
  5183 | D:6      | Found a staircase to the Ecumenical Temple.
  5262 | Temple   | Entered the Ecumenical Temple
  5270 | Temple   | Became a worshipper of Dithmenos the Shadowed
  5434 | D:6      | Noticed Lothor's ghost (novice DrBe)
  5479 | D:6      | Slain by Lothor's ghost

Skill      XL: |  1  2  3  4  5  6  7  8  9 |
---------------+----------------------------+-----
Slings         | 6 7 8 9 11 14 | 14.1
Fighting       | 3 4 |  4.4
Armour         | 2 3 |  3.1
Stealth        | 2 |  2.0
Dodging        | |  2.8

Action                   |  1- 3 |  4- 6 |  7- 9 || total
-------------------------+-------+-------+-------++-------
 Fire: Hunting sling     |    97 |   134 |   201 ||   432
  Use: Scroll            |       |     3 |     2 ||     5
       Potion            |       |       |     1 ||     1
  Eat: Chunk             |       |     3 |     3 ||     6
       Ration            |       |     1 |     1 ||     2
Armor: Ring mail         |     8 |     5 |     6 ||    19
Dodge: Dodged            |    20 |    23 |    34 ||    77
